 Dungeon Crawl Stone Soup version 0.22-a0-252-gcace5d2 (webtiles) character file.

3372 Gorglomux the Fighter (level 9, -2/85 HPs)
             Began as a Minotaur Summoner on Mar 1, 2018.
             Was a Priest of Yredelemnul.
             Slain by an orc warrior
             ... wielding a +0 trident
              (14 damage)
             ... on level 9 of the Dungeon.
             The game lasted 00:14:54 (9125 turns).

Gorglomux the Fighter (Minotaur Summoner)           Turns: 9125, Time: 00:14:54

Health: -2/85      AC: 11    Str: 16    XL:     9   Next: 73%
Magic:  0/10       EV: 12    Int: 12    God:    Yredelemnul [***...]
Gold:   406        SH:  0    Dex: 11    Spells: 10/10 levels left

rFire    . . .     SeeInvis .   b - +1 dagger (drain)
rCold    . . .     Gourm    .   (no shield)
rNeg     . . .     Faith    .   p - -2 scale mail
rPois    .         Spirit   +   (helmet restricted)
rElec    .         Reflect  .   F - scarf {Spirit}
rCorr    .         Harm     .   Y - +0 pair of gloves
MR       .....                  e - +2 pair of boots
Stlth    ..........             (no amulet)
HPRegen  0.24/turn              (no ring)
MPRegen  0.12/turn              (no ring)

@: no status effects
A: retaliatory headbutt, horns 2
a: Recall Undead Slaves, Injury Mirror, Animate Dead, Renounce Religion


You were on level 9 of the Dungeon.
You worshipped Yredelemnul.
Yredelemnul was most pleased with you.
You were not hungry.

You visited 1 branch of the dungeon, and saw 9 of its levels.

You collected 406 gold pieces.

Inventory:

Hand Weapons
 a - the +4 mace of the Boiling Point {flame, rPois rN++ Str-4 SInv}
   (You found it on level 6 of the Dungeon)

   It has been specially enchanted to burn those struck by it, causing extra
   injury to most foes and up to half again as much damage against particularly
   susceptible opponents.
   It affects your strength (-4).
   It protects you from poison.
   It greatly protects you from negative energy.
   It lets you see invisible.
 b - a +1 dagger of draining (weapon)
 w - a +0 hand axe
 S - a +2 dagger of venom
Armour
 e - a +2 pair of boots (worn)
 p - a -2 scale mail (worn)
 r - a +0 chain mail
 F - a scarf of spirit shield (worn)
 W - a +0 cloak
 Y - a +0 pair of gloves (worn)
Wands
 E - a wand of enslavement (16)
 I - a wand of iceblast (11)
 P - a wand of paralysis (9)
Scrolls
 B - a scroll of blinking
 M - a scroll of magic mapping
 R - a scroll of identify
 T - a scroll of teleportation
Potions
 h - 8 potions of heal wounds
 i - 3 potions of flight
 H - 2 potions of degeneration {unknown}
 J - a potion of agility {unknown}
 K - a potion of resistance {unknown}
 N - 3 potions of lignification {unknown}
 O - a potion of haste {unknown}
 Q - 4 potions of curing
 U - a potion of brilliance
 V - a potion of cancellation
 X - a potion of magic
 Z - a potion of berserk rage {unknown}
Comestibles
 c - 10 rations
 G - 2 chunks of flesh


   Skills:
 + Level 9.9 Fighting
 + Level 5.3 Axes
 + Level 9.9 Armour
 - Level 5.1 Dodging
 - Level 1.5 Stealth
 - Level 1.3 Spellcasting
   Level 2.9 Summonings
 - Level 3.2 Invocations


You had 10 spell levels left.
You didn't know any spells.

Dungeon Overview and Level Annotations

Branches:
Dungeon (9/15)             Temple (0/1) D:6
   Lair: D:8-11         Orc: D:9-12

Altars:
Ashenzari
Dithmenos
Fedhas
Gozag
Hepliaklqana
Makhleb
Nemelex Xobeh
Sif Muna
Uskayaw
Xom
Yredelemnul
Zin

Shops:
D:5 %   D:7 :

Annotations:
D:4 exclusion: door
D:6 1 runed door, Kite's ghost, novice MiBe; Prince Ribbit
D:8 Gorglomux's ghost, novice MiSu


Innate Abilities, Weirdness & Mutations

You reflexively headbutt those who attack you in melee.
You have a pair of horns on your head.


Message History

The orc warrior hits you with a trident!!!
You closely miss the orc warrior!
The orc warrior is lightly wounded!
The orc warrior butts you with a trident!
You beat the orc warrior butt a drum!!!
You burn the orc warrior!
You headbutt the orc warrior, but do butt damage!
The butt warrior is heavily wounded!
The orc warrior hits you with a trident!!!
Wield which item (- for none, * to show all)? (? for menu, Esc to quit)
The +4 butt of the Boiling Point {flame, rPois rN++ Str-4 SInv} stops flaming!
You sense an unholy aura!
b - a +1 dagger of draining (butt)
The orc warrior hits you with a trident!!!
You butt the orc warrior but do no damage!
The orc warrior is heavily wounded!
The orc warrior hits you with a trident!!!!!! * * * don't die
* * * The orc warrior butts you from afar with a trident!!! rip Your body rises from the dead as a mindless zombie!

##########.....#
..# ..
#..............##
..###..
#...............#
...#...
#...<...........#
.......
#......#####.####
.>.♣.>. #......#
#.# ##.......
#......# #.#
#.o$.# #......#
#.####)..#
#......#
#...#@†..#
#......#
#.#...♣.##
#......#
#.###...# #.#
##+## #.# #.. ###


You could see an orc warrior.

Vanquished Creatures
  The ghost of wazuzu the Twirler, a novice DsGl of Qazlal (D:4)
  Grinder (D:3)
  Sigmund (D:3)
  A spriggan (D:8)
  A wyvern (D:8)
  An orc warrior (D:8)
  2 ice beasts
  A sky beast (D:5)
  3 ogres
  A phantom (D:5)
  2 centaurs
  A big kobold (D:8)
  Blork the orc (D:6)
  2 bullfrogs
  A gnoll sergeant (D:6)
  A wyvern zombie (D:8)
  A scorpion (D:8)
  2 howler monkeys
  3 crimson imps
  2 hounds
  2 jellies
  A bullfrog skeleton (D:4)
  An orc priest (D:6)
  A centaur skeleton (D:5)
  A gnoll shaman (D:4)
  5 orc wizards
  Terence (D:2)
  4 worker ants
  A hound zombie (D:9)
  A worker ant zombie (D:9)
  Robin (D:2)
  A howler monkey zombie (D:5)
  7 gnolls
  7 adders
  A shadow imp (D:5)
  An ooze (D:2)
  2 adder zombies
  A worm (D:2)
  3 dart slugs
  3 leopard geckos
  19 orcs
  6 bats
  5 giant cockroaches
  16 goblins
  6 hobgoblins
  2 jackals (D:6)
  12 kobolds
  4 quokkas
  2 ball pythons
  A frilled lizard (D:2)
  A leopard gecko zombie (D:8)
  3 rats
151 creatures vanquished.

Vanquished Creatures (collateral kills)
  A two-headed ogre (D:8)
  An adder (D:2)
  A bat (D:1)
  A kobold (D:1)
4 creatures vanquished.

Vanquished Creatures (others)
  2 ogre zombies
  A howler monkey zombie (D:6)
  5 orc zombies
  A gnoll zombie (D:4)
  A ball python zombie (D:4)
  2 kobold zombies (D:8)
  A quokka zombie (D:6)
13 creatures vanquished.

Grand Total: 168 creatures vanquished

Notes
Turn   | Place    | Note
-------+----------+-------------------------------------------
     0 | D:1      | Gorglomux the Minotaur Summoner began the quest for the Orb.
     0 | D:1      | Reached XP level 1. HP: 14/14 MP: 1/1
   621 | D:1      | Reached skill level 1 in Fighting
   621 | D:1      | Reached skill level 1 in Armour
   633 | D:1      | Reached XP level 2. HP: 22/23 MP: 3/3
   897 | D:1      | Reached XP level 3. HP: 15/29 MP: 0/4
  1438 | D:2      | Reached skill level 3 in Dodging
  1660 | D:2      | Found a shattered altar of Ashenzari.
  1677 | D:2      | Found a burning altar of Makhleb.
  2134 | D:2      | Found a basalt altar of Yredelemnul.
  2134 | D:2      | Noticed Terence
  2138 | D:2      | Killed Terence
  2138 | D:2      | Reached XP level 4. HP: 37/37 MP: 5/5
  2174 | D:2      | Became a worshipper of Yredelemnul the Dark
  2392 | D:2      | Found a faded altar of an unknown god.
  2541 | D:2      | Found a shadowy altar of Dithmenos.
  2633 | D:3      | Noticed a bullfrog
  2657 | D:3      | Killed a bullfrog
  2657 | D:3      | Reached skill level 3 in Fighting
  2657 | D:3      | Reached skill level 3 in Armour
  2657 | D:3      | Reached XP level 5. HP: 27/45 MP: 6/6
  2663 | D:3      | Noticed Robin
  2802 | D:2      | Killed Robin
  2858 | D:3      | Reached * piety under Yredelemnul
  2929 | D:3      | Noticed Sigmund
  2938 | D:3      | Killed Sigmund
  2938 | D:3      | Reached XP level 6. HP: 37/53 MP: 7/7
  3042 | D:3      | Noticed Grinder
  3043 | D:3      | Found a sparkling altar of Nemelex Xobeh.
  3051 | D:3      | Paralysed by Grinder for 4 turns
  3059 | D:3      | Killed Grinder
  3059 | D:3      | Reached XP level 7. HP: 33/60 MP: 8/8
  3549 | D:4      | Reached skill level 1 in Invocations
  3795 | D:4      | Noticed a hand axe
  3796 | D:4      | Noticed a dagger
  3797 | D:4      | Found a hide-covered altar of Uskayaw.
  3828 | D:4      | Noticed wazuzu's ghost (novice DsGl)
  4052 | D:4      | Reached ** piety under Yredelemnul
  4375 | D:4      | Found a deep blue altar of Sif Muna.
  4586 | D:4      | Killed wazuzu's ghost
  4622 | D:5      | Entered Level 5 of the Dungeon
  4788 | D:5      | Reached skill level 6 in Fighting
  4788 | D:5      | Reached skill level 6 in Armour
  5000 | D:5      | Reached XP level 8. HP: 53/70 MP: 9/9
  5064 | D:5      | Found a blossoming altar of Fedhas.
  5184 | D:5      | Reached skill level 3 in Invocations
  5277 | D:5      | Found Guraf's Food Shoppe.
  5505 | D:6      | Noticed Kite's ghost (novice MiBe)
  5517 | D:6      | Found a staircase to the Ecumenical Temple.
  5810 | D:6      | Noticed Blork the orc
  5818 | D:6      | Killed Blork the orc
  6495 | D:6      | Noticed Prince Ribbit
  7026 | D:6      | Got a dazzling mace
  7027 | D:6      | Identified the +4 mace of the Boiling Point {flame, rPois rN++ Str-4 SInv} (You found it on level 6 of the Dungeon)
  7033 | D:6      | Found a runed door.
  7340 | D:7      | Found a shimmering altar of Xom.
  7393 | D:7      | Found a hazy altar of Hepliaklqana.
  7454 | D:7      | Found Duqaxeck's Book Shoppe.
  7468 | D:7      | Reached skill level 1 in Axes
  7558 | D:7      | Reached XP level 9. HP: 57/82 MP: 10/10
  7761 | D:7      | Found a glowing silver altar of Zin.
  7762 | D:7      | Found an opulent altar of Gozag.
  7881 | D:8      | Noticed a two-headed ogre
  7894 | D:8      | Killed a two-headed ogre
  7894 | D:8      | Reached skill level 9 in Fighting
  7894 | D:8      | Reached skill level 3 in Axes
  7894 | D:8      | Reached skill level 9 in Armour
  8362 | D:8      | Noticed Gorglomux's ghost (novice MiSu)
  8788 | D:8      | Reached *** piety under Yredelemnul
  8993 | D:8      | Noticed a manticore
  9125 | D:9      | Slain by an orc warrior

Vault maps used:
D:1:      lemuel_arrival_funnel
D:2:      lightli_temple_of_fire, yredelemnul_altar_generic,
          nicolae_dithmenos_through_a_glass_darkly,
          chequers_ecumenical_altar_lobes, first_ration, ashenzari_altar_1,
          uniq_terence
D:3:      nemelex_altar_shiori, hangedman_feature_mirror, saegor_snake_ambush,
          uniq_sigmund, uniq_grinder, uniq_robin
D:4:      dancing_weapons_uskayaw, led_sif_book, lemuel_flame_loot_1
D:5:      fedhas_altar_4, serial_shops, kennysheep_mini_moat
D:6:      minmay_temple_entry_glassed_door, uniq_prince_ribbit1,
          uniq_crazy_yiuf_cottage, uniq_blork_the_orc
D:7:      grunt_temple_overflow_gold_and_silver, overflow_temple_1_default,
          serial_shops, shop_fountains, xom_teletrap_fun
D:8:      lemuel_ice_statue, grunt_pizzeria
D:9:      grunt_ministairs_13, minivault_26

Skill      XL: |  1  2  3  4  5  6  7  8  9 |
---------------+----------------------------+-----
Fighting       | 1 2 3 4 6 8 9 |  9.9
Armour         | 1 2 3 4 6 8 9 |  9.9
Dodging        | 3 4 5 |  5.1
Invocations    | 2 3 |  3.2
Axes           | 1 5 |  5.3
Stealth        | |  1.5
Spellcasting   | |  1.3
Summonings     | |  2.9

Action                   |  1- 3 |  4- 6 |  7- 9 || total
-------------------------+-------+-------+-------++-------
Melee: Short sword       |    62 |    67 |       ||   129
       Unarmed           |     7 |       |       ||     7
       Headbutt          |     7 |    18 |    77 ||   102
       Dagger            |       |    30 |   449 ||   479
       Mace              |       |       |    64 ||    64
Throw: Javelin           |     4 |       |     4 ||     8
 Cast: Summon Small Mamm |    13 |       |       ||    13
Invok: Animate Remains   |       |     2 |    16 ||    18
       Recall Undead Sla |       |       |     1 ||     1
Evoke: Wand              |       |       |     1 ||     1
  Use: Potion            |     1 |       |     2 ||     3
       Scroll            |       |    10 |     7 ||    17
 Stab: Sleeping          |     1 |       |       ||     1
  Eat: Chunk             |     4 |     4 |    11 ||    19
       Ration            |       |       |     4 ||     4
Armor: Robe              |    23 |       |       ||    23
       Scale mail        |       |    42 |   221 ||   263
Dodge: Dodged            |    49 |    66 |   278 ||   393

Table legend:
 A = Spawn XP
 B = Non-spawn XP
 C = Spawn XP percentage of total XP
 D = Spawn monster count
 E = Non-spawn monster count
 F = Spawn count percentage of total count
 G = Total turns spent on level
                    A         B        C        D         E        F      G
               +---------+---------+-------+---------+---------+-------+---------
         Total |       0 |    4818 |   0.0 |       0 |     155 |   0.0 |  9125
               +---------+---------+-------+---------+---------+-------+---------
           D:1 |       0 |      45 |   0.0 |       0 |      16 |   0.0 |  1409
           D:2 |       0 |     121 |   0.0 |       0 |      19 |   0.0 |  1358
           D:3 |       0 |     614 |   0.0 |       0 |      31 |   0.0 |   791
           D:4 |       0 |     399 |   0.0 |       0 |      17 |   0.0 |  1064
           D:5 |       0 |     646 |   0.0 |       0 |      16 |   0.0 |  1422
           D:6 |       0 |     677 |   0.0 |       0 |      20 |   0.0 |  1191
           D:7 |       0 |     350 |   0.0 |       0 |       5 |   0.0 |   860
           D:8 |       0 |    1880 |   0.0 |       0 |      25 |   0.0 |   991
           D:9 |       0 |      86 |   0.0 |       0 |       6 |   0.0 |    39
               +---------+---------+-------+---------+---------+-------+---------
